 Dungeon Crawl Stone Soup version 0.30-a0-542-ge43150dd35 (webtiles) character file.

Game seed: 4295497945561798800

1795 Gitty the Cleaver (level 8, 0/70 HPs)
             Began as a Minotaur Berserker on Dec 26, 2022.
             Was an Elder of Trog.
             Slain by Prince Ribbit (12 damage)
             ... on level 6 of the Dungeon.
             The game lasted 00:17:39 (3834 turns).

Gitty the Cleaver (Minotaur Berserker)              Turns: 3834, Time: 00:17:39

Health: 0/70       AC:  7    Str: 23    XL:     8   Next: 83%
Magic:  7/7        EV: 11    Int:  4    God:    Trog [****..]
Gold:   495        SH:  5    Dex: 17    Spells: 7/7 levels left

rFire   . . .      SeeInvis .    C - +3 scythe (flame)
rCold   . . .      Faith    .    (shield currently unavailable)
rNeg    . . .      Spirit   .    j - +0 scale mail
rPois   .          Reflect  +    B - +0 hat
rElec   .          Harm     .    (no cloak)
rCorr   .          Rampage  .    (no gloves)
Will    +....                    (no boots)
Stlth   +                        c - amulet of reflection
HPRegen 0.31/turn                k - +6 ring of dexterity
MPRegen 0.10/turn                G - ring of willpower

@: no status effects
A: horns 2, retaliatory headbutt
a: Renounce Religion, Berserk, Trog's Hand, Brothers in Arms


You were on level 6 of the Dungeon.
You worshipped Trog.
Trog was greatly pleased with you.
You visited 1 branch of the dungeon, and saw 6 of its levels.

You collected 495 gold pieces.

Inventory:

Hand Weapons
 x - a +0 war axe
 C - a +3 scythe of flaming (weapon)
Missiles
 i - 13 poisoned darts (quivered)
Armour
 j - a +0 scale mail (worn)
 B - a +0 hat (worn)
Jewellery
 c - an amulet of reflection (around neck)
 k - a +6 ring of dexterity (left hand)
 m - a +4 ring of slaying
 s - a ring of flight
 w - a ring of see invisible
 G - a ring of willpower (right hand)
Wands
 t - a wand of acid (3)
 u - a wand of mindburst (20)
 D - a wand of charming (9)
Scrolls
 a - 2 scrolls of amnesia {unknown}
 d - a scroll of enchant weapon
 e - a scroll of noise {unknown}
 h - a scroll of fear {unknown}
 n - 2 scrolls of brand weapon
 p - 5 scrolls of teleportation
 q - 5 scrolls of blinking
 r - 2 scrolls of enchant armour {unknown}
 y - a scroll of vulnerability {unknown}
 F - 2 scrolls of summoning {unknown}
Potions
 b - a potion of heal wounds
 f - 3 potions of invisibility
 g - 2 potions of curing
 l - 4 potions of flight
 o - a potion of degeneration
 v - a potion of attraction
 z - a potion of magic {unknown}
 A - a potion of ambrosia
 E - a potion of brilliance {unknown}


   Skills:
 + Level 6.1 Fighting
 * Level 11.0(11.2) Axes
 + Level 3.4(7.8) Polearms
 + Level 1.4 Throwing
 + Level 5.4 Armour
 + Level 3.2 Dodging
 + Level 1.0 Stealth
 + Level 0.8 Shields


You had 7 spell levels left.
You didn't know any spells.
Your spell library was empty.

Dungeon Overview and Level Annotations

Branches:
Dungeon (6/15)             Temple (0/1) D:6

Altars:
Cheibriados
Gozag
Nemelex Xobeh
Okawaru
Sif Muna
Uskayaw

Shops:
D:4 :

Annotations:
D:6 Prince Ribbit


Innate Abilities, Weirdness & Mutations

You have a pair of horns on your head.
You reflexively headbutt those who attack you in melee.


Message History

You see here a +0 dagger.
You hit the kobold. You burn the kobold.
You kill the kobold!
Trog accepts your kill.
No target in view!
i - 13 poisoned darts (gained 6)
You see here a +0 dagger.
Items here: ( )) †.
Items here: )) ††.
You now have 495 gold pieces (gained 19).
There is a stone staircase leading up here.
Things that are here:
a +0 whip; 4 stones; a kobold corpse
Items here: )) ††.
Things that are here:
a +0 dagger; a kobold corpse; an adder corpse Prince Ribbit comes into view.
Prince Ribbit gives a loud, deep croak!
Prince Ribbit blinks!
You completely miss Prince Ribbit. You headbutt Prince Ribbit.
Prince Ribbit is lightly wounded.
Prince Ribbit hits you!
You miss Prince Ribbit.
Prince Ribbit is lightly wounded.
Prince Ribbit hits you! Prince Ribbit barely misses you.
You are too injured to fight recklessly!
You are too injured to fight recklessly!
You are too injured to fight recklessly!
You are too injured to fight recklessly!
You are too injured to fight recklessly!
You are too injured to fight recklessly!
You miss Prince Ribbit.
Prince Ribbit is lightly wounded.
Prince Ribbit closely misses you. You furiously retaliate!
You headbutt Prince Ribbit. Prince Ribbit hits you!
* * * LOW HITPOINT WARNING * * *
You barely miss Prince Ribbit.
Prince Ribbit is lightly wounded.
Prince Ribbit hits you!
You die...

#..........#.......#..
#>....)....#.......##.
#..................#
#..................#
#<)|...............#
#.)###(#.####..#.###
#.)##..#.# ..##.#
##.<...F.# .## .#
#....@### #.....#
#....## #....# ####.#
##### #.##......
#......# ####..F...
#.#..


You could see Prince Ribbit.

Vanquished Creatures
  Sigmund (D:4)
  A water moccasin (D:5)
  A black bear (D:6)
  3 ice beasts (D:5)
  2 ogres
  3 phantoms
  2 centaurs
  A kobold brigand (D:6)
  2 orc priests (D:4)
  3 hounds
  Ijyb (D:5)
  5 iguanas
  2 orc wizards (D:4)
  5 adders
  A white imp (D:5)
  2 worms
  A dart slug (D:2)
  13 orcs
  6 ball pythons
  4 bats
  8 endoplasms
  5 giant cockroaches
  16 goblins
  10 hobgoblins
  12 jackals
  15 kobolds
  5 quokkas
  4 frilled lizards
  8 rats
142 creatures vanquished.

Vanquished Creatures (others)
  A fungus (D:3)
1 creature vanquished.

Grand Total: 143 creatures vanquished

Notes
Turn   | Place    | Note
-------+----------+-------------------------------------------
     0 | D:1      | Gitty the Minotaur Berserker began the quest for the Orb.
     0 | D:1      | Reached XP level 1. HP: 19/19 MP: 0/0
    96 | D:1      | Reached skill level 4 in Axes
    97 | D:1      | Reached XP level 2. HP: 26/27 MP: 1/1
   409 | D:1      | Reached ** piety under Trog
   419 | D:1      | Reached XP level 3. HP: 26/33 MP: 2/2
   712 | D:2      | Reached skill level 5 in Axes
   841 | D:2      | Reached XP level 4. HP: 38/40 MP: 3/3
  1631 | D:3      | Reached *** piety under Trog
  1670 | D:3      | Noticed a centaur
  1676 | D:3      | Killed a centaur
  1677 | D:3      | Reached skill level 6 in Axes
  1677 | D:3      | Reached XP level 5. HP: 44/47 MP: 4/4
  1734 | D:3      | Found a faded altar of an unknown god.
  1851 | D:3      | You fall into a shaft and drop 2 floors!
  1851 | D:5      | Entered Level 5 of the Dungeon
  1863 | D:5      | Noticed an ice beast
  1873 | D:5      | Killed an ice beast
  1874 | D:5      | Reached skill level 7 in Axes
  1874 | D:5      | Reached XP level 6. HP: 55/55 MP: 5/5
  1904 | D:4      | Found Dulude Coyt's Book Shoppe.
  2042 | D:3      | Found a faded altar of an unknown god.
  2133 | D:4      | Found an iron altar of Okawaru.
  2136 | D:4      | Found a shimmering blue altar of Sif Muna.
  2137 | D:4      | Found a hide-covered altar of Uskayaw.
  2138 | D:4      | Found an opulent altar of Gozag.
  2139 | D:4      | Found a sparkling altar of Nemelex Xobeh.
  2185 | D:4      | Reached skill level 5 in Fighting
  2426 | D:4      | Reached skill level 8 in Axes
  2426 | D:4      | Reached XP level 7. HP: 61/61 MP: 6/6
  2857 | D:4      | Noticed Sigmund
  2862 | D:4      | Killed Sigmund
  2863 | D:4      | Reached skill level 9 in Axes
  3112 | D:5      | Noticed a torpor snail
  3114 | D:5      | Found a snail-covered altar of Cheibriados.
  3114 | D:5      | Noticed a torpor snail
  3114 | D:5      | Noticed a torpor snail
  3225 | D:5      | Noticed Ijyb
  3231 | D:5      | Killed Ijyb
  3231 | D:5      | Reached **** piety under Trog
  3232 | D:5      | Reached XP level 8. HP: 69/69 MP: 7/7
  3343 | D:5      | Reached skill level 10 in Axes
  3343 | D:5      | Reached skill level 1 in Throwing
  3463 | D:5      | Reached skill level 1 in Polearms
  3666 | D:6      | Reached skill level 5 in Armour
  3666 | D:6      | Reached skill level 1 in Stealth
  3756 | D:6      | Found a staircase to the Ecumenical Temple.
  3763 | D:6      | Reached skill level 11 in Axes
  3824 | D:6      | Noticed Prince Ribbit
  3834 | D:6      | Slain by Prince Ribbit

Illustrated notes

Levels and vault maps discovered:
D:1:      saegor_arrival_simple_d, layout_loops_ring, chequers_mini_garden,
          minmay_misc_feat_tower
D:2:      minmay_recursive_quarters, layout_basic, minmay_misc_feat_x,
          st_stairs_14, corexii_leaking_fountain
D:3:      layout_basic, nicolae_overflow_ecumenical_swirl,
          shapermc_ecumenical_altar_hornbeckon, ebering_dispersal_statue_hall,
          minmay_goblin_outpost
D:4:      layout_basic, grunt_temple_overflow_open, grunt_decor_junction,
          hex_large, nicolae_stop_n_shop_2, kennysheep_generic_room_7,
          uniq_sigmund
D:5:      layout_cave_pools, cheibriados_altar_2, uniq_ijyb
D:6:      layout_rooms, trog_hazing_becter, minmay_temple_entry_sparse_star,
          st_stairs_4, mrwooster_statue_mirror, grunt_ministairs_2,
          uniq_prince_ribbit1, uniq_eustachio

Skill      XL: |  1  2  3  4  5  6  7  8 |
---------------+-------------------------+-----
Axes           | 4 5 6 7 8 9 11 | 11.0
Fighting       | 4 5 6 |  6.1
Armour         | 3 4 5 |  5.4
Dodging        | 3 |  3.2
Throwing       | 1 |  1.4
Polearms       | 3 |  3.4
Stealth        | 1 |  1.0
Shields        | |  0.8

Action                   |  1- 3 |  4- 6 |  7- 9 || total
-------------------------+-------+-------+-------++-------
Melee: Hand axe          |    79 |   111 |       ||   190
       Headbutt          |    11 |    18 |     8 ||    37
       Punch             |     1 |     2 |       ||     3
       War axe           |       |     8 |    18 ||    26
       Halberd           |       |       |    59 ||    59
Throw: Dart              |       |     7 |    10 ||    17
  Use: Scroll            |       |    10 |     1 ||    11
       Potion            |       |       |     2 ||     2
Armor: Animal skin       |     5 |       |       ||     5
       Scale mail        |    21 |    25 |    14 ||    60
Dodge: Dodged            |    46 |    41 |    30 ||   117
Block: Other             |     6 |    21 |    13 ||    40
       Reflection        |       |     1 |     2 ||     3

Table legend: (Time is in decaauts)
 A = Elapsed time spent in this place.
 B = Non-inter-level travel time spent in this place.
 C = Inter-level travel time spent in this place.
 D = Time resting spent in this place.
 E = Time spent auto-exploring this place.
 F = Levels seen in this place.
 G = Mean time per level.
                   A        B        C        D        E       F      G
               +--------+--------+--------+--------+--------+-----+--------+
         Total |   3852 |   3727 |    125 |      0 |   2800 |   6 |  642.0 |
       Dungeon |   3852 |   3727 |    125 |      0 |   2800 |   6 |  642.0 |
               +--------+--------+--------+--------+--------+-----+--------+

Top non-repeatable levels by time:
     D:4: 983 daAuts
     D:3: 689 daAuts
     D:2: 676 daAuts
     D:1: 673 daAuts
     D:5: 645 daAuts
     D:6: 184 daAuts
